 Dungeon Sprint DCSS version 0.28-a0-8-g6e044cfa68 (webtiles) character file.

Game seed: 1448511506117418915

489 mhtbhm the Blocker (level 6, -8/63 HPs)
             Began as a Minotaur Fighter on July 23, 2021.
             Was a High Priest of Qazlal.
             Mangled by a wight (14 damage)
             ... in the Dungeon (Sprint VII: "The Pits").
             The game lasted 00:00:55 (472 turns).

mhtbhm the Blocker (Minotaur Fighter)                Turns: 472, Time: 00:00:55

Health: -8/63      AC: 10    Str: 22    XL:     6   Next: 90%
Magic:  8/8        EV: 10    Int:  5    God:    Qazlal [*****.]
Gold:   0          SH: 18    Dex: 10    Spells: 5/5 levels left

rFire   . . .      SeeInvis .   a - +1 hand axe (vorpal)
rCold   . . .      Faith    .   c - +0 kite shield
rNeg    . . .      Spirit   .   b - +3 ring mail
rPois   .          Reflect  .   (helmet restricted)
rElec   .          Harm     .   (no cloak)
rCorr   .          Rampage  .   (no gloves)
Will    .....      NoTele   +   (no boots)
Stlth   ..........              (no amulet)
HPRegen 0.20/turn               (no ring)
MPRegen 0.11/turn               (no ring)

@: repel missiles
A: horns 2, retaliatory headbutt
a: Renounce Religion, Upheaval, Elemental Force, Disaster Area


You were in the Dungeon.
You worshipped Qazlal.
Qazlal was extremely pleased with you.
You visited 1 branch

Inventory:

Hand Weapons
 a - a +1 vorpal hand axe (weapon)
Armour
 b - a +3 ring mail (worn)
 c - a +0 kite shield (worn)
Scrolls
 j - a scroll of blinking
 l - 5 scrolls of amnesia
 m - a scroll of summoning
Potions
 d - a potion of might
 e - 6 potions of curing
 f - 6 potions of heal wounds
 g - a potion of haste
 h - 4 potions of magic
 i - 3 potions of berserk rage
 k - 2 potions of invisibility


   Skills:
 + Level 9.0 Fighting
 + Level 7.2 Axes
 + Level 9.0 Armour
 + Level 2.2 Dodging
 + Level 10.2 Shields
 * Level 4.7 Invocations


You had 5 spell levels left.
You didn't know any spells.
Your spell library was empty.

Dungeon Overview and Level Annotations

Branches:
Dungeon (1/1)

Altars:
Ashenzari
Cheibriados
Dithmenos
Elyvilon
Fedhas
Gozag
Hepliaklqana
Kikubaaqudgha
Makhleb
Nemelex Xobeh
Okawaru
Qazlal
Ru
Sif Muna
Trog
Uskayaw
Vehumet
Wu Jian
Xom
Yredelemnul
Zin
The Shining One
Beogh
Jiyva
Lugonu


Innate Abilities, Weirdness & Mutations

You have a pair of horns on your head.
You reflexively headbutt those who attack you in melee.


Message History

The wight is moderately damaged.
The wight barely misses you. You furiously retaliate!
You headbutt the wight! You hit the wight but do no damage.
The wight is almost destroyed.
The wight hits you with a +0 battleaxe!
You feel drained.
You hit the wight but do no damage.
The wight is almost destroyed.
You block the wight's attack.
You closely miss the wight.
The wight is almost destroyed.
You block the wight's attack.
You closely miss the wight.
The wight is almost destroyed.
You block the wight's attack.
You barely miss the wight.
The wight is almost destroyed.
The wight closely misses you.
The rat twitches its whiskers.
You hit the wight but do no damage.
The wight is almost destroyed.
The wight hits you with a +0 battleaxe!
* * * LOW HITPOINT WARNING * * *
You barely miss the wight.
The wight is almost destroyed.
The wight hits you with a +0 battleaxe!
* * * LOW HITPOINT WARNING * * *
You hit the wight.
You destroy the wight!
Qazlal accepts your kill.
Your life force feels restored.
Your Fighting skill increases to level 9!
Your Armour skill increases to level 9!
You hit the wight but do no damage.
The wight is almost destroyed.
You block the wight's attack.
You hit the wight.
You destroy the wight!
Qazlal accepts your kill.
The wight hits you from afar with a +2 halberd of freezing!
You die...

#.##'#).#'###...<...#
#)#........##.......#
#.#........##.......#
#'###########.......#
#.......#.. #########
#...#...#r#
#...#...#z#
#.##.##.#)#
#...#...#@+
#...#...#'#
#.......'.#
###########


You could see a wight and a rat.

Vanquished Creatures
  A fire bat (D)
  A water moccasin (D)
  A floating eye (D)
  2 wights (D)
  A quasit (D)
  A hell rat (D)
  2 adders (D)
  A river rat (D)
  An ufetubus (D)
  2 orcs (D)
  A giant cockroach (D)
  A goblin (D)
  A hobgoblin (D)
  3 jackals (D)
  A ball python skeleton (D)
  A bat (D)
  A kobold (D)
22 creatures vanquished.

Notes
Turn   | Place    | Note
-------+----------+-------------------------------------------
     0 | D        | mhtbhm the Minotaur Fighter began the quest for the Orb.
     0 | D        | Reached XP level 1. HP: 19/19 MP: 0/0
    15 | D        | Reached skill level 4 in Shields
    15 | D        | Reached XP level 2. HP: 28/28 MP: 1/1
    19 | D        | Found a bloodstained altar of Trog.
    19 | D        | Found a shimmering blue altar of Sif Muna.
    19 | D        | Found a viscous altar of Jiyva.
    19 | D        | Found a hazy altar of Hepliaklqana.
    19 | D        | Found an opulent altar of Gozag.
    20 | D        | Found a glowing golden altar of the Shining One.
    20 | D        | Found a glowing silver altar of Zin.
    20 | D        | Found a basalt altar of Yredelemnul.
    20 | D        | Found a shimmering altar of Xom.
    20 | D        | Found an ornate altar of the Wu Jian Council.
    20 | D        | Found a sacrificial altar of Ru.
    20 | D        | Found a stormy altar of Qazlal.
    20 | D        | Found an iron altar of Okawaru.
    20 | D        | Found a sparkling altar of Nemelex Xobeh.
    20 | D        | Found a burning altar of Makhleb.
    20 | D        | Found a blossoming altar of Fedhas.
    20 | D        | Found a white marble altar of Elyvilon.
    20 | D        | Found a shadowy altar of Dithmenos.
    20 | D        | Found a snail-covered altar of Cheibriados.
    22 | D        | Found a radiant altar of Vehumet.
    22 | D        | Found a corrupted altar of Lugonu.
    23 | D        | Found a hide-covered altar of Uskayaw.
    23 | D        | Found an ancient bone altar of Kikubaaqudgha.
    23 | D        | Found a broken altar of Ashenzari.
    27 | D        | Became a worshipper of Qazlal Stormbringer
    65 | D        | Noticed a floating eye
    68 | D        | Paralysed by a floating eye for 2 turns
    69 | D        | Reached skill level 5 in Fighting
    69 | D        | Reached skill level 5 in Armour
    75 | D        | Killed a floating eye
    76 | D        | Reached skill level 6 in Shields
    76 | D        | Reached XP level 3. HP: 31/39 MP: 2/2
    76 | D        | Reached XP level 4. HP: 37/47 MP: 3/3
    81 | D        | Reached * piety under Qazlal
    85 | D        | Reached skill level 7 in Shields
    89 | D        | Reached ** piety under Qazlal
   108 | D        | Reached *** piety under Qazlal
   184 | D        | Noticed a fire bat
   190 | D        | Killed a fire bat
   191 | D        | Reached skill level 1 in Dodging
   191 | D        | Reached skill level 8 in Shields
   191 | D        | Reached XP level 5. HP: 36/56 MP: 3/6
   191 | D        | Reached XP level 6. HP: 40/62 MP: 3/7
   210 | D        | Reached skill level 9 in Shields
   210 | D        | Reached **** piety under Qazlal
   336 | D        | Noticed a water moccasin
   346 | D        | Killed a water moccasin
   361 | D        | Reached ***** piety under Qazlal
   362 | D        | Reached skill level 10 in Shields
   472 | D        | Mangled by a wight

Illustrated notes

Levels and vault maps discovered:
D:        pitsprint [storerooms_1, entrance_room_1, metal_vault_6, armoury_2,
          mini_pit_1, grid_room_1, main_hall_1, silver_pit, the_coven_1,
          the_vestibule_1, steel_vault_1, golden_pit, hallway_of_sentries,
          crystal_vault_3, iron_vault_1, final_vault]

Skill      XL: |  1  2  3  4  5  6 |
---------------+-------------------+-----
Fighting       | 4 7 8 9 |  9.0
Armour         | 4 7 8 9 |  9.0
Shields        | 4 6 8 10 | 10.2
Axes           | 4 6 7 |  7.2
Dodging        | 1 2 |  2.2
Invocations    | 3 4 |  4.7

Action                   |  1- 3 |  4- 6 || total
-------------------------+-------+-------++-------
Melee: War axe           |     2 |       ||     2
       Hand axe          |     6 |    89 ||    95
       Headbutt          |     1 |    12 ||    13
Armor: Scale mail        |     2 |     9 ||    11
       Ring mail         |       |    22 ||    22
Dodge: Dodged            |     2 |    30 ||    32
Block: Kite shield       |     2 |    84 ||    86

Table legend: (Time is in decaauts)
 A = Elapsed time spent in this place.
 B = Non-inter-level travel time spent in this place.
 C = Inter-level travel time spent in this place.
 D = Time resting spent in this place.
 E = Time spent auto-exploring this place.
 F = Levels seen in this place.
 G = Mean time per level.
                   A        B        C        D        E       F      G
               +--------+--------+--------+--------+--------+-----+--------+
         Total |    484 |    484 |      0 |    187 |     42 |   1 |  484.0 |
       Dungeon |    484 |    484 |      0 |    187 |     42 |   1 |  484.0 |
               +--------+--------+--------+--------+--------+-----+--------+

Top non-repeatable levels by time:
       D: 484 daAuts
